APL (24 & UNDER)
NASHUA REDLEGS @ KENOSHA KINGFISH
09/19/2026
 
TOP OF THE 1ST
Nashua Redlegs batting - Pitching for Kenosha Kingfish : RHP Sid Allen
Pitching: RHP Sid Allen
Batting: RHB Miguel González 0-0: Ball
1-0: Called Strike
1-1: Fly out, F8 (Line Drive, 8LM)
Batting: LHB Tim Ramsey 0-0: Called Strike
0-1: Swinging Strike
0-2: Ball
1-2: Strikes out looking
Batting: RHB Héctor Vázquez 0-0: Swinging Strike
0-1: Foul Ball, location: 2F
0-2: Ground out 5-3 (Groundball, 56)
Top of the 1st over - 0 run(s), 0 hit(s), 0 error(s), 0 left on base; Nashua 0 - Kenosha 0
BOTTOM OF THE 1ST
Kenosha Kingfish batting - Pitching for Nashua Redlegs : LHP Joe Jenkins
Pitching: LHP Joe Jenkins
Batting: RHB Manuel Gómez 0-0: Ground out 6-3 (Groundball, 6)
Batting: SHB Júlio Valentín 0-0: Swinging Strike
0-1: Called Strike
0-2: Strikes out looking
Batting: RHB Francisco Martínez 0-0: Swinging Strike
0-1: Called Strike
0-2: SINGLE (Popup, 8LS)
Batting: RHB Matt Rodríguez 0-0: Called Strike
0-1: Ball
1-1: Ball
2-1: Foul Ball, location: 2F
2-2: Foul Ball, location: 2F
2-2: Strikes out swinging
Bottom of the 1st over - 0 run(s), 1 hit(s), 0 error(s), 1 left on base; Nashua 0 - Kenosha 0
TOP OF THE 2ND
Nashua Redlegs batting - Pitching for Kenosha Kingfish : RHP Sid Allen
Batting: LHB Bill McCraney 0-0: Called Strike
0-1: Swinging Strike
0-2: Ball
1-2: Ground out 4-3 (Groundball, 4)
Batting: SHB Ryan Holcomb 0-0: Ball
1-0: Foul Ball, location: 2F
1-1: Foul Ball, location: 2F
1-2: Ball
2-2: Strikes out looking
Batting: LHB Bernardo Rodríguez 0-0: Called Strike
0-1: Ball
1-1: Swinging Strike
1-2: Ball
2-2: Ball
3-2: Strikes out swinging
Top of the 2nd over - 0 run(s), 0 hit(s), 0 error(s), 0 left on base; Nashua 0 - Kenosha 0
BOTTOM OF THE 2ND
Kenosha Kingfish batting - Pitching for Nashua Redlegs : LHP Joe Jenkins
Batting: SHB Devin Smith 0-0: Swinging Strike
0-1: Swinging Strike
0-2: Ball
1-2: Ball
2-2: Ball
3-2: Strikes out swinging
Batting: LHB Richard Brooks 0-0: Foul Ball, location: 2F
0-1: Ground out U3 (Groundball, 3)
Batting: RHB Sergio Mata 0-0: Called Strike
0-1: Called Strike
0-2: Ball
1-2: Strikes out looking
Bottom of the 2nd over - 0 run(s), 0 hit(s), 0 error(s), 0 left on base; Nashua 0 - Kenosha 0
TOP OF THE 3RD
Nashua Redlegs batting - Pitching for Kenosha Kingfish : RHP Sid Allen
Batting: RHB Joe Noble 0-0: Called Strike
0-1: Ball
1-1: SINGLE (Groundball, 4MD)
Batting: RHB Alan Evans 0-0: Called Strike
0-1: Ball
1-1: Foul Ball, location: 2F
1-2: Foul Ball, location: 2F
1-2: Ball
2-2: Strikes out looking
Batting: SHB José Hernández 0-0: Called Strike
0-1: Ball
1-1: Foul Ball, location: 2F
1-2: Strikes out looking
Batting: RHB Miguel González 0-0: Ball
1-0: Foul Ball, location: 2F
1-1: Swinging Strike
1-2: Ball
2-2: Ball
3-2: Strikes out swinging
Top of the 3rd over - 0 run(s), 1 hit(s), 0 error(s), 1 left on base; Nashua 0 - Kenosha 0
BOTTOM OF THE 3RD
Kenosha Kingfish batting - Pitching for Nashua Redlegs : LHP Joe Jenkins
Batting: RHB Doug Lutz 0-0: Ball
1-0: Called Strike
1-1: Ball
2-1: Ball
3-1: Base on Balls
Batting: RHB Tommy Davenport 0-0: Ball
1-0: Foul Ball, location: 2F
1-1: Grounds into double play, 5-4-3 (Groundball, 56)
Batting: RHB Manuel Gómez 0-0: Ball
1-0: Foul Ball, location: 2F
1-1: Fly out, F9 (Flyball, 9LM)
Bottom of the 3rd over - 0 run(s), 0 hit(s), 0 error(s), 0 left on base; Nashua 0 - Kenosha 0
TOP OF THE 4TH
Nashua Redlegs batting - Pitching for Kenosha Kingfish : RHP Sid Allen
Batting: LHB Tim Ramsey 0-0: Foul Ball, location: 2F
0-1: Ball
1-1: Swinging Strike
1-2: Ball
2-2: Strikes out swinging
Batting: RHB Héctor Vázquez 0-0: Ball
1-0: Ball
2-0: Foul Ball, location: 2F
2-1: Ball
3-1: SINGLE (Line Drive, 3D)
Batting: LHB Bill McCraney 0-0: Ball
1-0: Called Strike
Héctor Vázquez steals 2nd base
1-1: Swinging Strike
1-2: Foul Ball, location: 2F
1-2: Ball
2-2: Foul Ball, location: 2F
2-2: Foul Ball, location: 2F
2-2: Ball
3-2: Base on Balls
Batting: SHB Ryan Holcomb 0-0: Ball
1-0: Called Strike
1-1: Ball
2-1: Called Strike
2-2: Strikes out looking
Batting: LHB Bernardo Rodríguez 0-0: Ball
1-0: Ball
2-0: Called Strike
2-1: Ball
3-1: Called Strike
3-2: Strikes out swinging
Top of the 4th over - 0 run(s), 1 hit(s), 0 error(s), 2 left on base; Nashua 0 - Kenosha 0
BOTTOM OF THE 4TH
Kenosha Kingfish batting - Pitching for Nashua Redlegs : LHP Joe Jenkins
Batting: SHB Júlio Valentín 0-0: Ball
1-0: Ground out 5-3 (Groundball, 56)
Batting: RHB Francisco Martínez 0-0: Ball
1-0: Ball
2-0: Foul Ball, location: 2F
2-1: Ball
3-1: Called Strike
3-2: Foul Ball, location: 2F
3-2: Base on Balls
Batting: RHB Matt Rodríguez 0-0: Ball
1-0: Called Strike
1-1: Ball
2-1: Foul Ball, location: 2F
2-2: SINGLE (Line Drive, 7LS)
Francisco Martínez to second
Batting: SHB Devin Smith 0-0: Grounds into double play, 6-4-3 (Groundball, 6)
Bottom of the 4th over - 0 run(s), 1 hit(s), 0 error(s), 1 left on base; Nashua 0 - Kenosha 0
TOP OF THE 5TH
Nashua Redlegs batting - Pitching for Kenosha Kingfish : RHP Sid Allen
Batting: RHB Joe Noble 0-0: Swinging Strike
0-1: Ball
1-1: Foul Ball, location: 2F
1-2: Ground out U3 (Groundball, 3S)
Batting: RHB Alan Evans 0-0: Ball
1-0: Swinging Strike
1-1: Ball
2-1: Swinging Strike
2-2: Strikes out swinging
Batting: SHB José Hernández 0-0: Called Strike
0-1: Ball
1-1: Ball
2-1: Foul Ball, location: 2F
2-2: Ball
3-2: Base on Balls
Pitching: RHP Paul Pothecary
Batting: RHB Miguel González 0-0: Foul Ball, location: 2F
0-1: Called Strike
0-2: Strikes out swinging
Top of the 5th over - 0 run(s), 0 hit(s), 0 error(s), 1 left on base; Nashua 0 - Kenosha 0
BOTTOM OF THE 5TH
Kenosha Kingfish batting - Pitching for Nashua Redlegs : LHP Joe Jenkins
Batting: LHB Richard Brooks 0-0: Ball
1-0: Ground out 4-3 (Groundball, 4M)
Batting: RHB Sergio Mata 0-0: Called Strike
0-1: Foul Ball, location: 2F
0-2: Ground out 4-3 (Groundball, 4)
Batting: RHB Doug Lutz 0-0: Fly out, F4 (Popup, 34)
Bottom of the 5th over - 0 run(s), 0 hit(s), 0 error(s), 0 left on base; Nashua 0 - Kenosha 0
TOP OF THE 6TH
Nashua Redlegs batting - Pitching for Kenosha Kingfish : RHP Paul Pothecary
Batting: LHB Tim Ramsey 0-0: Called Strike
0-1: DOUBLE (Line Drive, 9LM)
Batting: RHB Héctor Vázquez 0-0: Fly out, F3 (Popup, 3F)
Batting: LHB Bill McCraney 0-0: Intentional Walk
Batting: SHB Ryan Holcomb 0-0: Ball
1-0: Called Strike
1-1: Called Strike
Tim Ramsey steals 3rd base
Bill McCraney to second
1-2: Ball
2-2: Ball
3-2: Ground out 6-3 (Groundball, 6M)
Tim Ramsey scores
Bill McCraney to third
Batting: LHB Bernardo Rodríguez 0-0: Called Strike
0-1: Ball
1-1: Fly out, F6 (Popup, 6M)
Top of the 6th over - 1 run(s), 1 hit(s), 0 error(s), 1 left on base; Nashua 1 - Kenosha 0
BOTTOM OF THE 6TH
Kenosha Kingfish batting - Pitching for Nashua Redlegs : LHP Joe Jenkins
Batting: RHB Tommy Davenport 0-0: Ground out 5-3 (Groundball, 56)
Batting: RHB Manuel Gómez 0-0: Called Strike
0-1: Ground out 5-3 (Groundball, 5S)
Batting: SHB Júlio Valentín 0-0: Ball
1-0: Ball
2-0: Foul Ball, location: 2F
2-1: Foul Ball, location: 2F
2-2: Fly out, F5 (Line Drive, 5)
Bottom of the 6th over - 0 run(s), 0 hit(s), 0 error(s), 0 left on base; Nashua 1 - Kenosha 0
TOP OF THE 7TH
Nashua Redlegs batting - Pitching for Kenosha Kingfish : RHP Paul Pothecary
Batting: RHB Joe Noble 0-0: Ball
1-0: Called Strike
1-1: Swinging Strike
1-2: Strikes out swinging
Batting: RHB Alan Evans 0-0: Ball
1-0: Ball
2-0: Ball
3-0: Base on Balls
Batting: SHB José Hernández 0-0: Ball
1-0: Ball
2-0: Called Strike
2-1: Called Strike
2-2: Strikes out swinging
Batting: RHB Miguel González 0-0: Ball
Alan Evans is caught stealing 2nd base
Top of the 7th over - 0 run(s), 0 hit(s), 0 error(s), 0 left on base; Nashua 1 - Kenosha 0
BOTTOM OF THE 7TH
Kenosha Kingfish batting - Pitching for Nashua Redlegs : LHP Joe Jenkins
Batting: RHB Francisco Martínez 0-0: Called Strike
0-1: Ball
1-1: Ball
2-1: Ball
3-1: Ground out 6-3 (Groundball, 6)
Batting: RHB Matt Rodríguez 0-0: Called Strike
0-1: Foul Ball, location: 2F
0-2: Ball
1-2: Ball
2-2: Foul Ball, location: 2F
2-2: Foul Ball, location: 2F
2-2: Ball
3-2: Ground out 5-3 (Groundball, 5S)
Batting: SHB Devin Smith 0-0: Ground out 5-3 (Groundball, 56)
Bottom of the 7th over - 0 run(s), 0 hit(s), 0 error(s), 0 left on base; Nashua 1 - Kenosha 0
TOP OF THE 8TH
Nashua Redlegs batting - Pitching for Kenosha Kingfish : RHP Paul Pothecary
Pitching: RHP Júlio Vargas
Batting: RHB Miguel González 0-0: Called Strike
0-1: Fly out, F9 (Flyball, 89M)
Batting: LHB Tim Ramsey 0-0: Ball
1-0: Ball
2-0: Ball
3-0: Base on Balls
Batting: RHB Héctor Vázquez 0-0: Ball
1-0: Fielders Choice at 2nd, 2-6 (Groundball, 2L)
Batting: LHB Bill McCraney 0-0: Ball
1-0: Foul Ball, location: 2F
1-1: SINGLE (Groundball, 25) (infield hit)
Héctor Vázquez to second
Batting: SHB Ryan Holcomb 0-0: Called Strike
0-1: Ball
Wild Pitch!
Héctor Vázquez to third
Bill McCraney to second
1-1: Foul Ball, location: 2F
1-2: Ball
2-2: Ball
3-2: Foul Ball, location: 2F
3-2: SINGLE (Line Drive, 89S)
Héctor Vázquez scores
Bill McCraney to third
Bill McCraney scores
Batting: LHB Bernardo Rodríguez 0-0: Called Strike
0-1: Called Strike
0-2: Ball
1-2: Foul Ball, location: 2F
1-2: Ball
2-2: Ball
Ryan Holcomb steals 2nd base
3-2: Base on Balls
Batting: RHB Joe Noble 0-0: Ball
1-0: Ball
2-0: Ball
3-0: Called Strike
3-1: Swinging Strike
3-2: Strikes out swinging
Top of the 8th over - 2 run(s), 2 hit(s), 0 error(s), 2 left on base; Nashua 3 - Kenosha 0
BOTTOM OF THE 8TH
Kenosha Kingfish batting - Pitching for Nashua Redlegs : LHP Joe Jenkins
Batting: LHB Richard Brooks 0-0: Ball
1-0: Swinging Strike
1-1: Ball
2-1: Ball
3-1: Base on Balls
Batting: RHB Sergio Mata 0-0: Called Strike
0-1: Called Strike
0-2: Ball
1-2: Strikes out swinging
Pitching: RHP Carlos Rodríguez
Batting: RHB Doug Lutz 0-0: Ball
1-0: Called Strike
1-1: Grounds into double play, 5-4-3 (Groundball, 56)
Bottom of the 8th over - 0 run(s), 0 hit(s), 0 error(s), 0 left on base; Nashua 3 - Kenosha 0
TOP OF THE 9TH
Nashua Redlegs batting - Pitching for Kenosha Kingfish : RHP Júlio Vargas
Batting: RHB Alan Evans 0-0: Ball
1-0: Foul Ball, location: 2F
1-1: Ball
2-1: Swinging Strike
2-2: Ball
3-2: Foul Ball, location: 2F
3-2: Base on Balls
Batting: SHB José Hernández 0-0: Ball
1-0: Sac Bunt - play at first, batter OUT! U3
Alan Evans to second
Batting: RHB Miguel González 0-0: Ball
1-0: Ball
2-0: Ball
3-0: Called Strike
3-1: Swinging Strike
3-2: Foul Ball, location: 2F
3-2: Foul Ball, location: 2F
3-2: Foul Ball, location: 2F
3-2: Foul Ball, location: 2F
3-2: SINGLE (Line Drive, 34D)
Alan Evans to third
Runner from 3rd tries for Home, throw and OUT!
Miguel González to second
Batting: LHB Tim Ramsey 0-0: Swinging Strike
0-1: Foul Ball, location: 2F
0-2: Ball
1-2: Foul Ball, location: 2F
1-2: Strikes out swinging
Top of the 9th over - 0 run(s), 1 hit(s), 0 error(s), 1 left on base; Nashua 3 - Kenosha 0
BOTTOM OF THE 9TH
Kenosha Kingfish batting - Pitching for Nashua Redlegs : RHP Carlos Rodríguez
Pitching: RHP José Gusmán
Batting: RHB Tommy Davenport 0-0: Called Strike
0-1: Ball
1-1: Swinging Strike
1-2: Strikes out looking
Batting: RHB Manuel Gómez 0-0: Ball
1-0: Foul Ball, location: 2F
1-1: Ball
2-1: Ball
3-1: Foul Ball, location: 2F
3-2: Ground out 4-3 (Groundball, 4)
Batting: SHB Júlio Valentín 0-0: Called Strike
0-1: Foul Ball, location: 2F
0-2: Ball
1-2: Strikes out looking
Bottom of the 9th over - 0 run(s), 0 hit(s), 0 error(s), 0 left on base; Nashua 3 - Kenosha 0
Monday, December 5th, 2016 - OOTP Baseball 17.12 Build 75